 Dungeon Crawl Stone Soup version 0.26.1-11-gd32895ea62 (webtiles) character file.

Game seed: 12696254802433633973

612752 Soborki the Conqueror (level 26, -28/379 (399) HPs)
             Began as a Minotaur Berserker on May 4, 2021.
             Was the Champion of Trog.
             Killed from afar by an eidolon (34 damage)
             ... with a bolt of negative energy
             ... on level 13 of a ziggurat.
             The game lasted 04:15:42 (74250 turns).

Soborki the Conqueror (Minotaur Berserker)         Turns: 74250, Time: 04:15:42

HP:   -28/379 (399) AC: 55    Str: 32    XL:     26   Next: 81%
MP:   22/22         EV: 17    Int:  7    God:    Trog [******]
Gold: 3737          SH: 40    Dex: 13    Spells: 25/25 levels left

rFire    + . .     SeeInvis +   b - +9 broad axe (elec)
rCold    + . .     Faith    .   R - +8 tower shield {AC+3}
rNeg     . . .     Spirit   .   r - +12 gold dragon scales
rPois    +         Reflect  +   G - +1 hat {SInv}
rElec    .         Harm     .   i - +2 cloak
rCorr    +         Rampage  .   M - +0 pair of gloves {Dex+3}
Will     +++..                  y - +0 pair of boots
Stlth    ..........             e - amulet of the King {Reflect +Inv SH+5}
HPRegen  0.73/turn              k - ring "Oteuf" {rPois rCorr}
MPRegen  0.18/turn              A - ring of the Mage {Wiz Will++ Int+3}

@: berserking, studying Evocations, lightly drained, very quick
A: retaliatory headbutt, horns 2, icy blue scales 1, slimy green scales 1,
clumsy 1, deterioration 1
}: 3/15 runes: decaying, silver, gossamer
a: Renounce Religion, Evoke Invisibility, Berserk, Trog's Hand, Brothers in Arms


You were on level 13 of a ziggurat.
You worshipped Trog.
Trog was exalted by your worship.
You visited 9 branches of the dungeon, and saw 46 of its levels.
You visited 1 bazaar.
You visited 1 ziggurat, and saw 13 of its levels.
You also visited: Bailey, Ice Cave and Volcano.

You collected 10779 gold pieces.
You spent 7042 gold pieces at shops.

Inventory:

Hand Weapons
 a - a +9 broad axe of flaming
 b - a +9 broad axe of electrocution (weapon)
Armour
 i - a +2 cloak (worn)
 r - +12 gold dragon scales (worn)
 y - a +0 pair of boots (worn)
 G - a +1 hat of see invisible (worn)
 M - a +0 pair of gloves of dexterity (worn)
 R - a +8 tower shield of protection (worn)
Jewellery
 d - the ring "Caqynn" {Will+ AC+4}
   (You took it off a tengu reaver on level 5 of the Vaults)

   [ring of protection]

   It affects your AC (+4).
   It affects your willpower, your defense against some magical effects.
 e - the amulet of the King (around neck) {Reflect +Inv SH+5}
   (You acquired it on level 4 of the Lair of Beasts)

   [amulet of reflection]

   It shields you and reflects attacks.
   It lets you turn invisible.
   It affects your SH (+5).
 h - the amulet "Tollubb" {rElec rPois Regen+ Str+4}
   (You bought it in a shop on level 4 of the Depths)

   [amulet of regeneration]

   It affects your strength (+4).
   It insulates you from electricity.
   It protects you from poison.
   It increases your rate of regeneration.
 k - the ring "Oteuf" (left hand) {rPois rCorr}
   (You bought it in a shop on level 4 of the Dungeon)

   [ring of resist corrosion]

   It protects you from poison.
   It provides partial protection from all sources of acid and corrosion.
 q - an uncursed ring of flight
 v - the amulet of Perfectionism {rC+ Regen+}
   (You found it on level 4 of a ziggurat)

   [amulet of regeneration]

   It protects you from cold.
   It increases your rate of regeneration.
 A - the ring of the Mage (right hand) {Wiz Will++ Int+3}
   (You bought it in a shop on level 4 of the Dungeon)

   [ring of wizardry]

   It improves your spell success rate.
   It affects your intelligence (+3).
   It affects your willpower, your defense against some magical effects.
 D - an uncursed ring of willpower
 F - an uncursed amulet of regeneration
 H - an uncursed ring of protection from cold
 O - an uncursed ring of positive energy
 U - an uncursed ring of positive energy
 Z - the ring "Cugu" {rF++ AC-4 Str+4}
   (You bought it in a shop on level 4 of the Depths)

   [ring of protection]

   It affects your AC (-4).
   It affects your strength (+4).
   It greatly protects you from fire.
Wands
 n - a wand of iceblast (31)
 s - a wand of digging (4)
 t - a wand of enslavement (23)
 E - a wand of disintegration (63)
 N - a wand of paralysis (29)
 P - a wand of polymorph (21)
 T - a wand of flame (60)
 W - a wand of random effects (49)
 X - a wand of acid (9)
Scrolls
 j - 25 scrolls of teleportation
 m - 27 scrolls of remove curse
 p - 20 scrolls of identify
 u - 7 scrolls of magic mapping
 w - 3 scrolls of blinking
 z - 9 scrolls of immolation
 V - 3 scrolls of brand weapon
 Y - 12 scrolls of fear
Potions
 c - 6 potions of heal wounds
 f - 23 potions of curing
 g - 6 potions of resistance
 l - 11 potions of ambrosia
 o - 5 potions of invisibility
 x - 8 potions of might
 B - 6 potions of cancellation
 C - 13 potions of flight
 I - 5 potions of berserk rage
 L - 11 potions of mutation
 Q - 5 potions of haste
Books
 J - a manual of Evocations
Miscellaneous
 K - a phantom mirror


   Skills:
 O Level 27 Fighting
 + Level 26.5 Axes
 O Level 27 Armour
 + Level 18.1 Dodging
 - Level 25.0 Shields
 - Level 4.0 Evocations


You had 25 spell levels left.
You didn't know any spells.
Your spell library was empty.

Dungeon Overview and Level Annotations

Branches:
Dungeon (15/15)            Temple (0/1) D:4            Lair (6/6) D:10
  Swamp (4/4) Lair:3       Spider (4/4) Lair:4        Slime (2/5) Lair:5
    Orc (2/2) D:10            Elf (3/3) Orc:2        Vaults (5/5) D:13
  Crypt (0/3) Vaults:2     Depths (5/5) D:15            Zot (0/5) Depths:5
 Bailey (visited)           IceCv (visited)         Volcano (visited)

Altars:
Elyvilon
Fedhas
Okawaru
Uskayaw
Vehumet
Xom
Yredelemnul

Shops:
D:4 =   D:6 [   D:9 [(:(   Orc:2 *??*   Elf:1 *}(*   Elf:2 ?   Vaults:1 ?*?*
Depths:2 *   Depths:4 }}=*

Portals:
Hell: Depths:1 Depths:2 Depths:3 Depths:4 Depths:5
Abyss: Depths:4 Depths:5
Pandemonium: Depths:1 Depths:3
Trove: D:13 (show abyssal rune of Zot)

Annotations:
D:12 2 transporters, Almogavar's ghost, journeyman GnWn


Innate Abilities, Weirdness & Mutations

You reflexively headbutt those who attack you in melee.
You have a pair of horns on your head.
You are partially covered in icy blue scales. (AC +2)
You are partially covered in slimy green scales. (AC +2)
You are clumsy. (Dex -2)
Your body sometimes deteriorates upon taking damage.


Message History

Lightning courses through the ancient champion!!
You destroy the ancient champion!
Trog accepts your kill.
Trog appreciates your killing of a magic user.
The curse skull rattles its jaw.
You slash the vampire! Lightning courses through the vampire!
You destroy the vampire!
You slice the curse skull!! You slice the juggernaut skeleton!!
You chop the vampire mage into pieces!!!
You barely miss the ghoul. You slash the mummy! You slash the ancient champion!
The curse skull calls on the powers of darkness!
Your body is wracked with pain!
* * * LOW HITPOINT WARNING * * *
The deep elf death mage convulses!
You block the ghoul's attack. x2
The vampire knight blinks!
The eidolon stares piercingly at you.
The bolt of negative energy hits the mummy.
The mummy completely resists.
The bolt of negative energy hits you!!
You feel drained.
You die...

▓▓▓▓▓▓▓▓▓▓▓▓▓
▓..en.V.....▓
▓..VM@Zz....▓
▓▓▓▓▓▓▓.VWz.z.....▓
▓......#≈#zzV..#≈#.
▓......§#§WZZZM≈#§
▓......#z#WZZV.#≈#
▓........M.M...L...
▓................ .
▓∩................
▓.......z......


You could see a ghoul, a revenant, a vampire knight (invisible), an eidolon, an
ancient champion (fast), a deep elf death mage, 2 jiangshi, 2 vampire magi, 3
curse skulls, a spectral golden dragon (summoned), 2 shadows, 2 flying skulls, 4
mummies, a storm dragon simulacrum (summoned), a golden dragon simulacrum
(summoned), a deep elf high priest zombie (summoned), a storm dragon skeleton
(summoned) and a juggernaut skeleton (summoned).

Vanquished Creatures
  Mara (Depths:1)
  An ancient lich (Zig:13)
  The ghost of Quickbrownfox the Hoplite, a master MiMo of Okawaru (Depths:3)
  4 juggernauts
  Sojobo (Depths:4)
  Bai Suzhen (D:15)
  Saint Roka (Elf:2)
  Nikola (Vaults:1)
  8 golden dragons
  the Enchantress (Depths:3)
  A profane servitor (Zig:5)
  2 bone dragons (Zig:10)
  2 iron giants (Zig:9)
  Arachne (Spider:2)
  Rupert (Spider:1)
  2 Ice Fiends (Zig:12)
  Jorgrun (Spider:1)
  3 liches
  Asterion (Vaults:1)
  8 tentacled monstrosities
  3 deep elf blademasters (Elf:3)
  11 titans
  A quicksilver dragon (Vaults:4)
  7 sphinxes
  4 ancient champions
  An acid blob (Slime:1)
  10 tengu reavers
  Agnes (Spider:1)
  3 storm dragons (Vaults:5)
  2 thorn hunters (Swamp:4)
  Donald (Spider:1)
  Roxanne (Swamp:3)
  A fenstrider witch (Zig:7)
  4 draconian monks (Depths:5)
  3 azure jellies
  4 revenants (Zig:10)
  9 deep elf sorcerers
  9 fire giants
  Aizul (Swamp:3)
  3 iron dragons
  17 frost giants
  3 draconian knights
  3 orc warlords
  A cacodemon (Depths:1)
  13 vault wardens
  4 emperor scorpions (Spider:4)
  6 ghost moths
  Louise (Swamp:2)
  2 draconian annihilators (Depths:5)
  A balrug (Depths:1)
  9 spriggan defenders
  7 deep elf elementalists
  2 reapers
  5 war gargoyles
  14 ironheart preservers
  23 stone giants
  26 very ugly things
  2 hydra skeletons (Swamp:4)
  2 green draconians (Depths:5)
  9 vampire knights
  5 black draconians (Depths:5)
  The ghost of ZLogic the Unseen, a journeyman SpEn of Kikubaaqudgha (D:15)
  38 slime creatures
  5 deep elf demonologists
  10 spark wasps
  4 white draconians (Depths:5)
  6 deep elf annihilators (Elf:3)
  6 bunyips
  4 entropy weavers
  5 purple draconians (Depths:5)
  14 ettins
  3 red draconians
  2 eidola (Zig:13)
  An eleionoma (Swamp:1)
  9 deep elf death magi
  13 fire dragons
  Snorg (D:10)
  A jiangshi (Vaults:2)
  10 great orbs of eyes
  3 blizzard demons (Zig:12)
  15 yaktaur captains
  5 shambling mangroves
  10 deep elf high priests
  2 crystal guardians
  29 vault guards
  7 spriggan air magi
  12 ice dragons
  23 hydras
  7 rakshasas
  Harold (D:8)
  16 boulder beetles
  A caustic shrike simulacrum (Zig:12)
  Erica (D:8)
  4 ghost crabs
  8 tengu warriors
  11 alligators
  15 centaur warriors
  37 dancing weapons
  A satyr (Zig:2)
  28 ogre magi
  71 two-headed ogres
  3 death knights
  4 death yaks (Lair:4)
  6 vampire magi
  5 deep troll earth magi
  A shock serpent (shapeshifter) (Depths:2)
  11 deep troll shamans
  5 orc high priests
  3 soul eaters
  10 spriggan berserkers
  3 sun demons (Depths:1)
  14 deep elf knights
  2 shadow wraiths
  The ghost of Almogavar the Destroyer, a novice DrCj of Sif Muna (D:8)
  A titan skeleton (Vaults:5)
  5 skeletal warriors (D:11)
  6 iron trolls
  A storm dragon zombie (Zig:9)
  A fire crab (shapeshifter) (Depths:3)
  2 salamander mystics
  21 hell knights
  4 glowing orange brains
  9 spriggan druids
  5 death drakes
  An infernal demonspawn (Depths:1)
  A torturous demonspawn (Depths:1)
  7 goliath frogs
  11 swamp dragons
  9 wizards
  6 unseen horrors
  A sea snake (shapeshifter) (D:15)
  11 flayed ghosts
  4 phantasmal warriors
  2 bog bodies
  16 deep trolls
  A shadow dragon zombie (Vaults:5)
  2 orange crystal statues
  17 ironbrand convokers
  8 deep elf archers
  3 lindwurms (Depths:5)
  2 spectral hydras (Swamp:4)
  A lindwurm (shapeshifter) (Zig:6)
  14 harpies
  An obsidian statue (Zig:2)
  8 orc sorcerers
  11 necromancers
  3 oklob plants (Swamp:4)
  10 orc knights
  A fire giant zombie (Zig:9)
  7 salamanders
  A frost giant zombie (Zig:9)
  14 orb spiders
  47 deep elf magi
  21 wolf spiders
  A manticore (shapeshifter) (Vaults:4)
  10 will-o-the-wisps
  A sphinx skeleton (Vaults:5)
  3 shining eyes
  2 fire giant skeletons (Vaults:3)
  A manticore (D:9)
  10 cyclopes
  2 human zombies (Vaults:3)
  44 ugly things
  2 moths of wrath (Zig:11)
  2 centaur zombies
  A naga mage (D:15)
  4 rust devils (Zig:9)
  3 black mambas
  14 elephants
  A human skeleton (Vaults:3)
  4 large abominations
  9 vault sentinels
  Maurice (D:8)
  7 ice statues
  2 eyes of devastation
  2 molten gargoyles (Volcano)
  A smoke demon (Depths:1)
  Joseph (D:8)
  A gargoyle (D:15)
  A cane toad (shapeshifter) (D:13)
  Maggie (D:10)
  22 cane toads
  8 rime drakes
  4 kobold demonologists
  A torpor snail (Lair:4)
  14 komodo dragons
  A hellion (Zig:9)
  54 yaktaurs
  2 small abominations (Elf:3)
  An anaconda simulacrum (IceCv)
  A golden dragon simulacrum (IceCv)
  9 freezing wraiths
  12 demonic crawlers
  A tormentor (Zig:9)
  2 death drake zombies (Swamp:4)
  32 jumping spiders
  2 bloated husks
  A polar bear (Lair:4)
  A tengu conjurer (Depths:3)
  11 trolls
  2 polar bears (shapeshifter) (Vaults:1)
  3 hydra zombies (Swamp:4)
  A queen bee (shapeshifter) (Vaults:2)
  2 wind drakes (Depths:5)
  18 tyrant leeches
  18 blink frogs
  A harpy skeleton (D:15)
  24 hornets
  A tengu simulacrum (Zig:12)
  A blink frog (shapeshifter) (Vaults:3)
  A death drake skeleton (Swamp:4)
  4 dream sheep (Lair:5)
  A spriggan zombie (Zig:9)
  A fire giant simulacrum (Vaults:3)
  An air elemental (Elf:1)
  A spriggan (shapeshifter) (Vaults:3)
  20 spriggans
  A tarantella (shapeshifter) (Depths:3)
  44 redbacks
  2 redbacks (shapeshifter)
  2 dire elephant simulacra (IceCv)
  8 water elementals
  29 tarantellas
  2 fire bats (Volcano)
  32 yaks
  5 wraiths
  6 wyverns
  3 fire elementals
  A fire bat (shapeshifter) (D:13)
  A golden eye (Slime:1)
  A hog (shapeshifter) (Vaults:1)
  6 basilisks
  A basilisk (shapeshifter) (Depths:2)
  An elf simulacrum (Zig:12)
  A steam dragon (D:8)
  31 vampire mosquitoes
  5 wargs
  A swamp worm (shapeshifter) (Vaults:3)
  2 iron troll simulacra (IceCv)
  2 harpy simulacra (IceCv)
  14 swamp worms
  16 water moccasins
  3 acid dragons
  5 hydra simulacra
  A floating eye (Zig:3)
  6 swamp drakes
  A phantom (D:7)
  A swamp dragon zombie (Swamp:4)
  12 ice beasts
  45 orc warriors
  3 sky beasts
  A black bear (shapeshifter) (Vaults:3)
  7 black bears
  An eye of draining (D:10)
  18 boggarts
  12 wolves
  77 ogres
  An elf skeleton (Vaults:3)
  A necrophage (D:8)
  21 centaurs
  4 big kobolds
  An elf zombie (Elf:1)
  2 earth elementals
  35 bullfrogs
  2 wyvern zombies
  A glowing shapeshifter simulacrum (Zig:12)
  A wyvern skeleton (D:12)
  8 scorpions
  2 human simulacra
  13 killer bees
  3 howler monkeys
  11 electric eels
  4 bullfrog zombies
  5 lava snakes (Volcano)
  A quasit (Depths:1)
  Crazy Yiuf (D:7)
  12 hounds
  2 jellies
  19 orc wizards
  2 bullfrog skeletons
  A gnoll shaman (D:6)
  13 orc priests
  8 centaur skeletons
  5 iron imps
  Terence (D:1)
  Jessica (D:2)
  6 iguanas
  18 worker ants
  A centaur simulacrum (D:8)
  A hound zombie (D:8)
  A hound skeleton (D:8)
  Robin (D:4)
  14 gnolls
  8 adders
  A shadow imp (Depths:1)
  A white imp (Depths:1)
  3 ufetubi
  An ooze (D:6)
  An adder skeleton (D:7)
  2 worms
  An adder simulacrum (D:8)
  4 leopard geckos
  83 orcs
  A giant cockroach (D:2)
  21 goblins
  10 hobgoblins
  12 jackals
  21 kobolds
  7 quokkas
  A ball python (D:2)
  7 bats
  4 frilled lizards
  2 leopard gecko skeletons
  4 rats
  4 crawling corpses (Elf:3)
2322 creatures vanquished.

Vanquished Creatures (others)
  2 ogre magi
  A naga sharpshooter (Zig:2)
  A spriggan druid (Swamp:4)
  A wolf spider (Spider:4)
  A cane toad (Lair:6)
  3 bloated husks
  2 hornets
  A tarantella (Spider:4)
  A swamp worm (Swamp:1)
  A swamp drake (Zig:8)
  A sky beast (D:11)
  An orc priest (D:11)
  An orc wizard (Elf:2)
  4 orcs
  62 foxfires
  39 fungi
  144 plants
266 creatures vanquished.

Grand Total: 2588 creatures vanquished

Notes
Turn   | Place    | Note
-------+----------+-------------------------------------------
     0 | D:1      | Soborki the Minotaur Berserker began the quest for the Orb.
     0 | D:1      | Reached XP level 1. HP: 19/19 MP: 0/0
   600 | D:1      | Reached XP level 2. HP: 23/27 MP: 1/1
  1003 | D:2      | Reached XP level 3. HP: 33/33 MP: 2/2
  1037 | D:2      | Noticed Terence
  1043 | D:2      | Noticed Jessica
  1063 | D:1      | Killed Terence
  1065 | D:1      | Reached XP level 4. HP: 29/40 MP: 3/3
  1224 | D:2      | Killed Jessica
  1225 | D:2      | Reached skill level 5 in Axes
  1484 | D:2      | Reached ** piety under Trog
  1825 | D:3      | Found a hide-covered altar of Uskayaw.
  2093 | D:4      | Reached XP level 5. HP: 40/47 MP: 4/4
  2182 | D:4      | Noticed a centaur
  2187 | D:4      | Killed a centaur
  2188 | D:4      | Reached skill level 5 in Fighting
  2198 | D:4      | Reached XP level 6. HP: 55/56 MP: 5/5
  2399 | D:4      | Found Ajavooxt's Jewellery Shoppe.
  2420 | D:4      | Noticed Robin
  2435 | D:4      | Killed Robin
  2762 | D:4      | Reached skill level 5 in Armour
  2762 | D:4      | Reached XP level 7. HP: 62/62 MP: 6/6
  3029 | D:4      | Found a staircase to the Ecumenical Temple.
  3147 | D:5      | Entered Level 5 of the Dungeon
  3303 | D:4      | Bought the ring "Oteuf" {rPois rCorr} for 312 gold pieces
  3724 | D:5      | Reached *** piety under Trog
  3884 | D:5      | Reached XP level 8. HP: 65/71 MP: 7/7
  4850 | D:6      | Found Duskypp's Antique Armour Shoppe.
  5000 | D:6      | Reached skill level 10 in Axes
  5646 | D:7      | Reached **** piety under Trog
  5686 | D:7      | Reached XP level 9. HP: 81/81 MP: 8/8
  6097 | D:7      | Found a runed translucent door.
  6098 | D:7      | Noticed Crazy Yiuf
  6268 | D:7      | Killed Crazy Yiuf
  6369 | D:8      | Noticed Joseph
  6450 | D:8      | Killed Joseph
  6756 | D:8      | Noticed Harold
  6774 | D:8      | Killed Harold
  6775 | D:8      | Reached XP level 10. HP: 69/91 MP: 9/9
  6928 | D:8      | Reached ***** piety under Trog
  7233 | D:8      | Noticed Maurice
  7510 | D:8      | Noticed Erica
  7521 | D:8      | Killed Erica
  7685 | D:8      | Found a runed translucent gate.
  7746 | D:8      | Killed Maurice
  7747 | D:8      | Reached skill level 10 in Fighting
  7883 | D:8      | Found a runed translucent gate.
  7883 | D:8      | Found a runed translucent gate.
  7889 | D:8      | Noticed Almogavar's ghost (novice DrCj)
  8038 | D:8      | Killed Almogavar's ghost
  8133 | D:9      | Found Gixtuv's Armour Emporium.
  8144 | D:9      | Bought a +0 pair of boots for 54 gold pieces
  8160 | D:9      | Found Eluceuzxe's Weapon Shop.
  8169 | D:9      | Bought a +0 broad axe of freezing for 110 gold pieces
  8198 | D:9      | Reached skill level 10 in Armour
  8245 | D:9      | Noticed a manticore
  8257 | D:9      | Killed a manticore
  8354 | D:9      | Received a gift from Trog
  8570 | D:9      | Found Plog's Weapon Shop.
  8762 | D:9      | Found Xeriti's Book Boutique.
  9218 | D:10     | Entered Level 10 of the Dungeon
  9243 | D:10     | Found a flagged portal.
  9253 | Bailey   | Entered a bailey
  9558 | Bailey   | Found an iron altar of Okawaru.
  9558 | Bailey   | Noticed an orc high priest
  9558 | Bailey   | Noticed an orc high priest
  9578 | Bailey   | Killed an orc high priest
  9579 | Bailey   | Reached XP level 11. HP: 88/101 MP: 10/10
  9619 | Bailey   | Killed an orc high priest
 10155 | Bailey   | Noticed an orc knight
 10167 | Bailey   | Killed an orc knight
 10236 | Bailey   | Acquired 709 gold pieces
 10976 | Bailey   | Noticed an orc knight
 10978 | Bailey   | Killed an orc knight
 11400 | D:4      | Bought an uncursed ring of flight for 175 gold pieces
 11400 | D:4      | Bought the ring of the Mage {Wiz Will++ Int+3} for 517 gold
                  | pieces
 11400 | D:4      | Found the ring of the Mage {Wiz Will++ Int+3}
 11536 | D:10     | Found a staircase to the Orcish Mines.
 11659 | D:10     | Noticed Snorg
 11674 | D:10     | Killed Snorg
 11675 | D:10     | Reached skill level 15 in Axes
 12006 | D:10     | Noticed a two-headed ogre
 12014 | D:10     | Killed a two-headed ogre
 12300 | D:10     | Found a staircase to the Lair.
 12395 | D:10     | Noticed Maggie
 12415 | D:10     | Killed Maggie
 12761 | Lair:1   | Entered Level 1 of the Lair of Beasts
 12772 | Lair:1   | Noticed a six-headed hydra
 12780 | Lair:1   | Killed a six-headed hydra
 13386 | Lair:1   | Reached XP level 12. HP: 112/112 MP: 11/11
 14596 | Lair:3   | Found a staircase to the Swamp.
 16188 | Lair:4   | Noticed a seven-headed hydra
 16198 | Lair:4   | Killed a seven-headed hydra
 16367 | Lair:4   | Noticed a death yak
 16367 | Lair:4   | Noticed a death yak
 16368 | Lair:4   | Noticed a death yak
 16369 | Lair:4   | Noticed a death yak
 16377 | Lair:4   | Killed a death yak
 16377 | Lair:4   | Killed a death yak
 16382 | Lair:4   | Killed a death yak
 16386 | Lair:4   | Killed a death yak
 16549 | Lair:4   | Found a hole to the Spider Nest.
 16559 | Lair:4   | Reached XP level 13. HP: 113/122 MP: 12/12
 16813 | Lair:4   | Acquired the amulet of the King {Reflect +Inv SH+5}
 17642 | Lair:5   | Found a dark tunnel.
 17651 | Volcano  | Entered a volcano
 18358 | Volcano  | Found a radiant altar of Vehumet.
 18663 | Volcano  | Noticed a red draconian
 18671 | Volcano  | Killed a red draconian
 18757 | Volcano  | Got a smoking hat
 18767 | Volcano  | Identified the cursed +0 hat of the Imp {rC+} (You found it
                  | in a volcano)
 19924 | Lair:5   | Found a staircase to the Slime Pits.
 20168 | Lair:6   | Entered Level 6 of the Lair of Beasts
 20188 | Lair:5   | Reached ****** piety under Trog
 20200 | Lair:6   | Received a gift from Trog
 20590 | Lair:6   | Reached XP level 14. HP: 96/133 MP: 13/13
 21504 | Lair:6   | Received a gift from Trog
 21572 | Lair:6   | Reached skill level 15 in Fighting
 21813 | Lair:6   | Reached skill level 15 in Armour
 22446 | Orc:1    | Entered Level 1 of the Orcish Mines
 22773 | Orc:2    | Entered Level 2 of the Orcish Mines
 23488 | Orc:1    | Received a gift from Trog
 23697 | Orc:2    | Found Xuwk's Magic Scroll Shoppe.
 23697 | Orc:2    | Found Fegieh's General Store.
 23698 | Orc:2    | Found Qaewnate's Assorted Antiques.
 23698 | Orc:2    | Found Fiunloj's Magic Scroll Shoppe.
 23720 | Orc:2    | Reached XP level 15. HP: 105/144 MP: 14/14
 23746 | Orc:2    | Bought a scroll of acquirement for 780 gold pieces
 23786 | Orc:2    | Bought a scroll of brand weapon for 300 gold pieces
 24072 | Orc:1    | Acquired 706 gold pieces
 24104 | Orc:2    | Bought a scroll of acquirement for 780 gold pieces
 24104 | Orc:2    | Acquired a manual of Evocations
 24404 | Orc:2    | Found a staircase to the Elven Halls.
 24711 | D:11     | Found a flickering gateway to a bazaar.
 24716 | Bazaar   | Entered a bazaar
 24717 | Bazaar   | Found Daicho's Book Emporium.
 24717 | Bazaar   | Found Kikidodd's Armour Emporium.
 24718 | Bazaar   | Found Paar's General Store.
 24761 | Bazaar   | Found Okhot's Weapon Boutique.
 24784 | Bazaar   | Bought a +0 buckler for 76 gold pieces
 24800 | Bazaar   | Bought a scroll of acquirement for 780 gold pieces
 24800 | Bazaar   | Acquired a manual of Axes
 24932 | D:11     | You fall into a shaft and drop 2 floors!
 24998 | D:13     | Reached skill level 1 in Shields
 25692 | D:12     | Received a gift from Trog
 26551 | D:12     | Noticed Almogavar's ghost (journeyman GnWn)
 26609 | D:12     | Found a transporter.
 26643 | D:12     | Found a transporter.
 26837 | D:12     | Found the +4 moon troll leather armour {Spirit, Regen++
                  | MP+5}
 26872 | D:13     | Found a gate to the Vaults.
 27304 | D:13     | Found a white marble altar of Elyvilon.
 27480 | D:13     | Found a portal to a secret trove of treasure.
 27911 | D:14     | Received a gift from Trog
 28866 | D:15     | Entered Level 15 of the Dungeon
 29400 | D:15     | Reached XP level 16. HP: 146/157 MP: 15/15
 29685 | D:15     | Found a runed translucent gate.
 29711 | D:15     | Found a runed translucent gate.
 29712 | D:15     | Found a runed translucent gate.
 29712 | D:15     | Noticed ZLogic's ghost (journeyman SpEn)
 29806 | D:15     | Received a gift from Trog
 29862 | D:15     | Found a staircase to the Depths.
 30569 | D:15     | Killed ZLogic's ghost
 30780 | Swamp:1  | Entered Level 1 of the Swamp
 30815 | Swamp:1  | Paralysed by a hornet for 3 turns
 30823 | Swamp:1  | Identified the +5 ring mail "Osaabuc" {Str+2 Slay+3}
 30938 | Swamp:1  | Reached skill level 1 in Evocations
 33229 | Swamp:2  | Noticed Louise
 33245 | Swamp:2  | Killed Louise
 33394 | Swamp:2  | Received a gift from Trog
 33425 | Swamp:2  | Reached skill level 5 in Shields
 34559 | Swamp:3  | Noticed Roxanne
 34581 | Swamp:3  | Killed Roxanne
 34984 | Swamp:3  | Acquired a +0 hat of see invisible
 35243 | Swamp:3  | Noticed Aizul
 35261 | Swamp:3  | Killed Aizul
 35649 | Swamp:4  | Entered Level 4 of the Swamp
 35659 | Swamp:4  | Reached XP level 17. HP: 157/168 MP: 16/16
 36855 | Swamp:4  | Received a gift from Trog
 37038 | Swamp:4  | Found a basalt altar of Yredelemnul.
 37422 | Swamp:4  | Reached skill level 10 in Shields
 37589 | Swamp:4  | Found a blossoming altar of Fedhas.
 39077 | Swamp:4  | Got a decaying rune of Zot
 39205 | Spider:1 | Entered Level 1 of the Spider Nest
 39581 | Spider:1 | Noticed Donald
 39590 | Spider:1 | Noticed Jorgrun
 39601 | Spider:1 | Killed Donald
 39606 | Spider:1 | Killed Jorgrun
 40000 | Spider:1 | Noticed Agnes
 40009 | Spider:1 | Received a gift from Trog
 40011 | Spider:1 | Killed Agnes
 40107 | Spider:1 | Got a fine battleaxe {god gift}
 40113 | Spider:1 | Identified the +0 battleaxe of Yxteowk {vorpal, rF+ Stlth+}
                  | (Trog gifted it to you on level 1 of the Spider Nest)
 40174 | Spider:1 | Noticed Rupert
 40183 | Spider:1 | Killed Rupert
 40877 | Spider:2 | Noticed Arachne
 40988 | Spider:2 | Killed Arachne
 40989 | Spider:2 | Reached XP level 18. HP: 76/180 MP: 17/17
 41516 | Spider:2 | Acquired 542 gold pieces
 41517 | Spider:2 | Acquired 772 gold pieces
 41694 | Spider:3 | Acquired a manual of Shields
 41875 | Spider:3 | Identified the cursed +1 chain mail of Fun {Rampage *Slow
                  | rPois Dex+5} (You found it on level 3 of the Spider Nest)
 42509 | Spider:4 | Entered Level 4 of the Spider Nest
 42534 | Spider:4 | Received a gift from Trog
 43330 | Spider:4 | Reached skill level 15 in Shields
 43789 | Spider:4 | Got a gossamer rune of Zot
 44047 | Vaults:1 | Entered Level 1 of the Vaults
 44066 | Vaults:1 | Received a gift from Trog
 44142 | Vaults:1 | Found Pathaost's Magic Scroll Shoppe.
 44211 | Vaults:1 | Noticed Nikola
 44227 | Vaults:1 | Killed Nikola
 44387 | Vaults:1 | Found Lutott's General Store.
 44431 | Vaults:1 | Found Long's Magic Scroll Boutique.
 44439 | Vaults:1 | Bought a scroll of enchant armour for 105 gold pieces
 44456 | Vaults:1 | Reached XP level 19. HP: 189/189 MP: 18/18
 45036 | Vaults:1 | Received a gift from Trog
 45292 | Vaults:1 | Noticed Asterion
 45307 | Vaults:1 | Killed Asterion
 45458 | Vaults:1 | Found Kinonuo's Assorted Antiques.
 46609 | Vaults:2 | Received a gift from Trog
 46940 | Vaults:2 | Found a staircase to the Crypt.
 47795 | Vaults:3 | Received a gift from Trog
 47940 | Vaults:3 | Identified the +3 battleaxe "Tosiv" {freeze, +Rage rC+}
                  | (You found it on level 3 of the Vaults)
 48405 | Vaults:3 | Reached XP level 20. HP: 200/200 MP: 19/19
 48825 | Vaults:4 | Received a gift from Trog
 50673 | Vaults:5 | Entered Level 5 of the Vaults
 50790 | Vaults:4 | Received a gift from Trog
 52615 | Vaults:4 | Reached XP level 21. HP: 143/210 MP: 20/20
 52939 | Vaults:5 | Identified the ring of Midnight {rF++ rC+}
 53780 | Vaults:5 | Received a gift from Trog
 53993 | Vaults:5 | Identified the +8 arbalest of Defilement {elec, rN+++ Str-2
                  | Int+4}
 54611 | Vaults:5 | Identified the +12 long sword "Imiogravo" {vorpal, rPois
                  | rF+++ rC- Dex+3}
 54611 | Vaults:5 | Identified the ring "Caqynn" {Will+ AC+4}
 55199 | Vaults:5 | Received a gift from Trog
 55313 | Vaults:5 | Noticed a golden dragon
 55315 | Vaults:5 | Noticed a golden dragon
 55337 | Vaults:5 | HP: 1/212 [titan/bolt of lightning (26)]
 55939 | Vaults:5 | Killed a golden dragon
 55944 | Vaults:5 | Killed a golden dragon
 55952 | Vaults:5 | Reached XP level 22. HP: 221/221 MP: 21/21
 55990 | Vaults:5 | Acquired a +4 broad axe of electrocution
 56128 | Vaults:5 | Found the +8 autumn katana {vorpal, Clar}
 56772 | Vaults:5 | Got a silver rune of Zot
 57300 | Slime:1  | Entered Level 1 of the Pits of Slime
 57335 | Slime:1  | Received a gift from Trog
 57337 | Slime:1  | You fall into a shaft and drop 1 floor!
 57385 | Slime:1  | Gained mutation: Armour fits poorly on your strangely
                  | shaped body. [a shining eye]
 57387 | Slime:1  | Gained mutation: Scrolls take you a little longer to read.
                  | [a shining eye]
 57800 | Elf:1    | Entered Level 1 of the Elven Halls
 57862 | Elf:1    | Lost mutation: Scrolls take you a little longer to read.
                  | [potion of mutation]
 57862 | Elf:1    | Lost mutation: Armour fits poorly on your strangely shaped
                  | body. [potion of mutation]
 57862 | Elf:1    | Gained mutation: You are partially covered in icy blue
                  | scales. (AC +2) [potion of mutation]
 57862 | Elf:1    | Gained mutation: Your body sometimes deteriorates upon
                  | taking damage. [potion of mutation]
 57862 | Elf:1    | Gained mutation: You are partially covered in slimy green
                  | scales. (AC +2) [potion of mutation]
 58385 | Elf:1    | Received a gift from Trog
 58465 | Elf:1    | Found Jybel's General Store.
 58465 | Elf:1    | Found Ixzi Xoaleto's General Store.
 58466 | Elf:1    | Found Quiwn's Antique Weapon Emporium.
 58468 | Elf:1    | Found Xoxamp's Gadget Shoppe.
 58991 | Orc:2    | Bought a scroll of enchant armour for 105 gold pieces
 58991 | Orc:2    | Bought a scroll of enchant armour for 105 gold pieces
 58996 | Orc:2    | Bought a scroll of enchant armour for 112 gold pieces
 58996 | Orc:2    | Bought a scroll of enchant armour for 112 gold pieces
 58997 | Orc:2    | Bought a scroll of magic mapping for 115 gold pieces
 58997 | Orc:2    | Bought a scroll of enchant armour for 247 gold pieces
 58997 | Orc:2    | Bought a twisted bronze wand for 132 gold pieces
 59170 | Elf:2    | Found a frozen archway.
 59174 | IceCv    | Entered an ice cave
 59204 | IceCv    | Got a warped hat
 59366 | Elf:2    | Found Kohuunt's Magic Scroll Shoppe.
 59404 | Elf:2    | Identified the +1 hat "Zad Wibexkei" {rPois rCorr Str-5}
                  | (You found it in an ice cave)
 59639 | Elf:2    | Found a runed translucent gate.
 59639 | Elf:2    | Found a runed translucent gate.
 59639 | Elf:2    | Found a runed translucent gate.
 59663 | Elf:2    | Received a gift from Trog
 59708 | Elf:2    | Found a radiant altar of Vehumet.
 60185 | Elf:2    | Noticed Saint Roka
 60556 | Elf:2    | Killed Saint Roka
 60808 | Elf:3    | Entered Level 3 of the Elven Halls
 61032 | Elf:3    | Received a gift from Trog
 61323 | Elf:3    | Reached skill level 5 in Dodging
 61350 | Elf:3    | Reached XP level 23. HP: 232/232 MP: 22/22
 61570 | Elf:3    | Received a gift from Trog
 61934 | Elf:3    | Identified the +7 great sword "Cenko" {flame, +Fly rPois
                  | Will+++ Dex-2}
 62059 | Elf:3    | Identified the +3 robe of Polish {rN+ MP+9}
 62061 | Elf:3    | Identified the +4 hand axe of Ekiddaa {flame, +Inv rPois
                  | Str+2}
 62061 | Elf:3    | Identified the cursed +1 scythe "Sazaag" {spect, Int+2}
 62062 | Elf:3    | Identified the cursed +1 scythe "Sazaag" {spect, Int+2}
 62065 | Elf:3    | Gained mutation: You are clumsy. (Dex -2) [a neqoxec]
 62492 | Elf:3    | Identified the Disquisition on the Congealing Voyage
 62903 | Depths:1 | Entered Level 1 of the Depths
 63002 | Depths:1 | Noticed Mara
 63016 | Depths:1 | Noticed Soborki's illusion
 63053 | Depths:1 | Noticed Soborki's illusion
 63061 | Depths:1 | Killed Mara
 63082 | Depths:1 | Found a gateway to a ziggurat.
 63463 | Depths:1 | Received a gift from Trog
 63491 | Depths:1 | Found a one-way gate leading to the halls of Pandemonium.
 63599 | Depths:1 | Noticed Bai Suzhen
 63717 | D:15     | Killed Bai Suzhen
 64189 | Depths:1 | Found a gateway to Hell.
 64585 | Depths:2 | Found Ovvunny's Assorted Antiques.
 64594 | Depths:2 | Bought a scroll of enchant weapon for 270 gold pieces
 64687 | Depths:2 | Received a gift from Trog
 64790 | Depths:2 | Found an iron altar of Okawaru.
 65163 | Depths:2 | Reached XP level 24. HP: 245/245 MP: 22/22
 65231 | Depths:3 | Noticed the Enchantress
 65238 | Depths:3 | Killed the Enchantress
 65395 | Depths:2 | Received a gift from Trog
 66254 | Depths:3 | Received a gift from Trog
 66907 | Depths:3 | Reached skill level 10 in Dodging
 67448 | Depths:3 | Found a runed translucent door.
 67448 | Depths:3 | Found a shimmering altar of Xom.
 67448 | Depths:3 | Noticed Quickbrownfox's ghost (master MiMo)
 67449 | Depths:3 | Found the +5 sword of Power {vorpal}
 67499 | Depths:3 | Killed Quickbrownfox's ghost
 67782 | Depths:4 | Noticed a juggernaut
 67792 | Depths:4 | Killed a juggernaut
 68198 | Depths:4 | Received a gift from Trog
 68372 | Depths:4 | Reached skill level 27 in Fighting
 68459 | Depths:4 | Found Qusiecya's Assorted Antiques.
 68472 | Depths:4 | Bought 2 scrolls of enchant armour for 480 gold pieces
 68477 | Depths:4 | Found a one-way gate to the infinite horrors of the Abyss.
 68502 | Depths:4 | Reached skill level 27 in Armour
 68611 | Depths:4 | Reached XP level 25. HP: 255/257 MP: 22/22
 68809 | Depths:4 | Noticed Sojobo
 68813 | Depths:4 | Received a gift from Trog
 68830 | Depths:4 | Killed Sojobo
 68950 | Depths:4 | Found Tacri's Jewellery Shoppe.
 68950 | Depths:4 | Found Gexzo's Gadget Boutique.
 68952 | Depths:4 | Found Boenaagh's Gadget Boutique.
 68960 | Depths:4 | Bought the amulet "Tollubb" {rElec rPois Regen+ Str+4} for
                  | 905 gold pieces
 68960 | Depths:4 | Bought the cursed ring "Cugu" {rF++ AC-4 Str+4} for 470
                  | gold pieces
 69040 | Depths:4 | Noticed a juggernaut
 69050 | Depths:4 | Killed a juggernaut
 69486 | Depths:5 | Entered Level 5 of the Depths
 69590 | Depths:5 | Received a gift from Trog
 70300 | Depths:5 | Received a gift from Trog
 70859 | Depths:5 | Reached skill level 15 in Dodging
 70971 | Depths:5 | Found a gate to the Realm of Zot.
 71017 | Depths:5 | Identified the cursed +1 morningstar "Ciyha" {vorpal, rElec
                  | rC+ rN++ Stlth-}
 71357 | Depths:5 | Reached XP level 26. HP: 264/266 MP: 22/22
 71582 | Zig:1    | Entered Level 1 of a ziggurat
 71600 | Zig:2    | Entered Level 2 of a ziggurat
 71827 | Zig:3    | Entered Level 3 of a ziggurat
 71833 | Zig:3    | Paralysed by a floating eye for 2 turns
 71856 | Zig:4    | Entered Level 4 of a ziggurat
 71878 | Zig:4    | Got a steaming sapphire amulet
 71883 | Zig:4    | Identified the amulet of Perfectionism {rC+ Regen+} (You
                  | found it on level 4 of a ziggurat)
 71886 | Zig:5    | Entered Level 5 of a ziggurat
 72273 | Zig:6    | Entered Level 6 of a ziggurat
 72302 | Zig:6    | Got an ancient flail
 72302 | Zig:6    | Identified the +6 flail of the Briny Deep {vorpal, rN+
                  | Dex+3} (You found it on level 6 of a ziggurat)
 72497 | Zig:7    | Entered Level 7 of a ziggurat
 72639 | Zig:8    | Entered Level 8 of a ziggurat
 72651 | Zig:8    | Received a gift from Trog
 72814 | Zig:9    | Entered Level 9 of a ziggurat
 73154 | Zig:9    | Identified the Disquisition on Snow and Venom
 73162 | Zig:10   | Entered Level 10 of a ziggurat
 73931 | Zig:10   | Got a steaming ruby amulet
 73946 | Zig:11   | Entered Level 11 of a ziggurat
 73956 | Zig:11   | Noticed a juggernaut
 73957 | Zig:11   | Noticed a juggernaut
 73973 | Zig:11   | Killed a juggernaut
 73973 | Zig:11   | Killed a juggernaut
 74084 | Zig:11   | Identified the amulet "Luddebb" {Spirit +Fly} (You found it
                  | on level 10 of a ziggurat)
 74086 | Zig:11   | Identified the ring of Gucorya {*Corrode rC+ rN+ Dex+2}
                  | (You found it on level 11 of a ziggurat)
 74104 | Zig:12   | Entered Level 12 of a ziggurat
 74128 | Zig:12   | Received a gift from Trog
 74193 | Zig:12   | Identified the Handbook of the Voyage
 74201 | Zig:12   | Got a flickering steel ring
 74204 | Zig:12   | Identified the ring "Dinom" {rPois rF+ Stlth-} (You found
                  | it on level 12 of a ziggurat)
 74213 | Zig:13   | Entered Level 13 of a ziggurat
 74221 | Zig:13   | Noticed an ancient lich
 74238 | Zig:13   | Killed an ancient lich
 74246 | Zig:13   | HP: 14/399 [??? (11)]
 74250 | Zig:13   | HP: 6/399 [??? (4)]
 74250 | Zig:13   | Killed from afar by an eidolon

Illustrated notes

Levels and vault maps discovered:
D:1:      dpeg_arrival_fog, layout_basic
D:2:      layout_rooms, serial_rivers, chequers_serial_rivers_micro_a,
          chequers_serial_rivers_marsh, chequers_serial_rivers_micro_b,
          chequers_serial_rivers_room_b, chequers_serial_rivers_micro_c,
          uniq_jessica, uniq_terence
D:3:      layout_rooms, nicolae_overflow_crystal_walls
D:4:      minmay_diamond_boxcup, layout_rooms, minmay_temple_entry_fiery,
          mrwooster_statue_mirror, kennysheep_windowed_goal, uniq_robin
D:5:      layout_loops_ring
D:6:      layout_cave_pods, serial_shops, nicolae_shop_overgrown_old_shop
D:7:      layout_gridville, serial_glass, glass_columns_a, glass_columns_c,
          glass_columns_c, glass_columns_b, glass_columns_b, glass_columns_a,
          minmay_strange_pillars, due_unseen_surprise, item_on_display_a,
          minivault_26, uniq_crazy_yiuf_cottage
D:8:      layout_loops_ring, gammafunk_ghost_necromancy, grunt_ministairs_15,
          uniq_joseph, uniq_maurice, uniq_erica, uniq_harold
D:9:      layout_basic, serial_shops, nicolae_shop_statue_plus, shop,
          nicolae_shop_waterfront, shop, corner_web_ring
D:10:     layout_cave_pods, grunt_lair_entry_orc_guard_hut, enter_bailey_2,
          uniq_maggie, uniq_snorg
D:11:     layout_cave_pools, serial_shops, freezing_bzr,
          minmay_misc_feat_encased
D:12:     minmay_thinvault, layout_basic, gammafunk_ghost_stat_death
D:13:     layout_stronghold, erik_vaults_1, enter_trove_2, elyvilon_altar_5
D:14:     layout_long_grid, serial_park_fountain
D:15:     grunt_enter_depths_magical_seal, layout_long_grid,
          serial_co_window_serial, co_window_paths_a, co_window_paths_a,
          co_window_paths_a, co_window_paths_a, co_window_paths_b,
          co_window_of_opportunity_a, co_window_2corner, co_window_cross_4,
          co_window_broadway_a, co_window_corner_b, co_window_4corner_b,
          glass_columns_b, glass_columns_a, glass_columns_a,
          chequers_serial_rivers_micro_d, ebering_ghost_rock_garden,
          grunt_ministairs_8
Lair:1:   layout_chaotic_city
Lair:2:   layout_hall_layers
Lair:3:   layout_chaotic_city, swamp_mist_pool, chequers_serial_rivers_micro_e
Lair:4:   layout_regular_city, nicolae_spider_entry_orb_guardian
Lair:5:   layout_regular_city, dpeg_slime_entry_corner,
          nicolae_volcano_entry_two_sided, beast_lair_carwin_3
Lair:6:   minmay_lair_end_frog_pond, layout_cave_pods,
          chequers_serial_rivers_micro_d
Swamp:1:  layout_falls_marsh, nicolae_swamp_very_dense_foliage, swamp_pool2,
          cheibrodos_swamp_pet_leeches
Swamp:2:  cheibrodos_swamp_heart_of_darkness, layout_falls_marsh,
          hangedman_swamp_cone, uniq_louise
Swamp:3:  layout_falls_marsh, evilmike_swamp_ruin_house_3, swamp_pool1,
          hangedman_swamp_wriggling, uniq_roxanne, uniq_aizul
Swamp:4:  byrel_swamp_growth_death_and_undeath, layout_basic_swamp,
          infiniplex_staircase_pool_2
Spider:1: layout_chambers, drop_trap, einodemon_crawler_minivault, uniq_rupert,
          uniq_agnes, uniq_jorgrun, uniq_donald
Spider:2: layout_spider_delve, uniq_arachne
Spider:3: layout_spider_delve
Spider:4: spider_rune_water, nicolae_spider_cling_ruins
Slime:1:  nicolae_slime_pool, layout_caves
Slime:2:  layout_caves
Orc:1:    layout_caves, mines_bat_river
Orc:2:    st_orc_ogre_mass, layout_caves
Elf:1:    layout_geoelf_octagon, minmay_elf_demonology, corexii_checkpoint_b,
          minmay_elf_necromancy, minmay_shoptagon
Elf:2:    layout_geoelf_diagonals, portal_ice_cave_entry_pillars_four,
          serial_shops, nicolae_shop_trees, basic_altar, uniq_saint_roka
Elf:3:    minmay_elf_hall_quartered_circle, layout_geoelf_castle, serial_sigils,
          serial_sigils_hangedman_clutch, serial_sigils_hangedman_stare,
          serial_sigils_hangedman_gut, serial_sigils_hangedman_gnaw
Vaults:1: grunt_vaults_focal, nicolae_vaults_big_ls,
          nicolae_vaults_sealed_display, vaults_room_large_hall,
          nicolae_vaults_network_periphery, dpeg_vaults_monster_box,
          vaults_room_fours, vaults_mumra_minichess, layout_vaults_omnigrid,
          serial_shops, nicolae_shop_crystal, nicolae_shop_trees,
          shop_fountains, shop, uniq_nikola, uniq_asterion
Vaults:2: minmay_crypt_entry_simple_statues, st_cross, nicolae_vaults_little_ls,
          nicolae_vaults_circle_grid_a, hangedman_vaults_impose,
          grunt_vaults_diagonal, vaults_room_hallway, v_misc_25,
          layout_vaults_omnicross
Vaults:3: v_misc_14, vaults_room_grunt_arrival_ludios,
          nicolae_vaults_twisting_passages, vaults_room_stairs_pillars,
          v_pattern_3, v_misc_3, vaults_dpeg_doors, v_misc_4,
          vaults_room_corners, ontoclasm_vaults_gateway,
          grunt_vaults_hallway_long, ontoclasm_vaults_ligature,
          layout_vaults_maze_snakey
Vaults:4: v_misc_30, hangedman_vaults_unwind, vaults_room_door_ring,
          vaults_mumra_hex, nicolae_vaults_ninety_degrees, v_misc_5,
          vaults_dpeg_hooks, nicolae_vaults_network_barrier,
          ontoclasm_vaults_pinch, v_misc_8, nicolae_vaults_little_squares_5,
          vaults_room_ringed_pool, ontoclasm_vaults_ring_small,
          ontoclasm_vaults_ring_square, grunt_vaults_hallway_short,
          layout_vaults_omnibox
Vaults:5: serial_shops
Depths:1: layout_gridlike, enter_ziggurat_d, lightli_too_deep,
          grunt_pan_entry_zigzag, bh_walls_and_bars, st_stairs_8,
          minmay_pinched_square, uniq_bai_suzhen, uniq_mara
Depths:2: evilmike_diamond_2, layout_basic, okawaru_ov_weapons_minmay,
          serial_shops, nicolae_shop_overgrown_old_shop, serial_glass,
          glass_columns_a, glass_columns_a, hell_entry, horrible_house_mu
Depths:3: minmay_inner_zag, layout_twisted_cross,
          serial_sigils_hangedman_quiver, pan_entry, ebering_ghost_xom,
          hell_entry, kennysheep_generic_room_16, uniq_enchantress
Depths:4: minmay_the_grid_4x2 [minmay_the_grid_spin_star,
          minmay_the_grid_embedded, minmay_the_grid_spikes, minmay_the_grid_fan,
          minmay_the_grid_x, minmay_the_grid_box_x, minmay_the_grid_large_cup,
          minmay_the_grid_prize_trominoes], layout_gridville, hell_entry,
          hangedman_abyss_or_decor_stabs, abyss_entry, serial_shops, shop,
          minmay_staircase_bubble, minmay_shop_grove, uniq_sojobo
Depths:5: lemuel_castle_with_subvaults [lemuel_castle_interior_carwin_1],
          layout_cave_shapes, pf_coc_iceberg, abyss_entry
Zig:13

Skill      XL: |  1  2  3  4  5  6  7  8  9 10 11 12 13 14 15 16 17 18 19 20 21 22 23 24 25 26 |
---------------+-------------------------------------------------------------------------------+-----
Axes           | 4 5 6 7 8 10 12 14 16 17 19 20 24 26 | 26.5
Fighting       | 4 5 6 7 9 10 12 13 14 16 18 19 20 21 22 23 24 25 27 | 27.0
Armour         | 3 4 5 6 7 9 10 11 13 14 16 18 19 20 21 22 23 24 25 27 | 27.0
Dodging        | 3 4 5 8 11 15 18 | 18.1
Shields        | 4 7 12 17 20 22 23 25 | 25.0
Evocations     | 4 |  4.0

Action                   |  1- 3 |  4- 6 |  7- 9 | 10-12 | 13-15 | 16-18 | 19-21 | 22-24 | 25-27 || total
-------------------------+-------+-------+-------+-------+-------+-------+-------+-------+-------++-------
Melee: Hand axe          |    44 |   104 |   217 |       |       |       |       |       |       ||   365
       Headbutt          |     2 |    17 |    60 |   111 |   208 |   279 |   264 |   408 |   223 ||  1572
       War axe           |       |       |   111 |   114 |       |       |       |       |       ||   225
       Broad axe         |       |       |       |   429 |   923 |  1173 |   949 |  1548 |   706 ||  5728
       Flail             |       |       |       |    11 |    13 |       |       |       |       ||    24
 Fire: Hand crossbow     |       |     9 |       |       |       |       |       |       |       ||     9
Invok: Berserk           |     1 |     3 |     3 |     8 |    10 |    16 |     9 |     7 |     5 ||    62
Evoke: Wand              |       |       |       |       |       |       |       |       |     3 ||     3
       Phantom mirror    |       |       |       |       |       |       |       |       |     1 ||     1
  Use: Scroll            |       |       |    18 |     7 |    24 |    12 |     4 |    30 |    13 ||   108
       Potion            |       |       |       |     2 |       |     1 |     2 |     2 |       ||     7
 Stab: Distracted        |       |       |       |       |       |       |     1 |       |     1 ||     2
       Confused          |       |       |       |       |       |       |       |       |     3 ||     3
Armor: Ring mail         |    15 |       |       |       |       |       |       |       |       ||    15
       Animal skin       |     1 |       |       |       |       |       |       |       |       ||     1
       Scale mail        |    12 |    40 |    12 |       |       |       |       |       |       ||    64
       Chain mail        |       |       |   124 |       |       |       |       |       |       ||   124
       Plate armour      |       |       |    93 |   410 |   601 |   651 |   234 |       |       ||  1989
       Gold dragon scale |       |       |       |       |       |       |       |   357 |   314 ||   671
Dodge: Dodged            |    45 |    63 |   136 |   229 |   323 |   235 |   134 |   171 |   181 ||  1517
Block: Other             |       |       |       |       |   125 |       |       |       |       ||   125
       Reflection        |       |       |       |       |    23 |    25 |   155 |   112 |    38 ||   353
       Buckler           |       |       |       |       |   140 |    71 |       |       |       ||   211
       Tower shield      |       |       |       |       |       |  1184 |  1119 |  1556 |   986 ||  4845
